 Dungeon Crawl Stone Soup version 0.29.1-2-gbd0b4ee654 (webtiles) character file.

Game seed: 9225889075712402571

507 Arcadio the Ogre Mage (level 7, 0/59 HPs)
             Began as an Ogre Fire Elementalist on Nov 21, 2022.
             Was an Initiate of Qazlal.
             Slain by an orc wizard
             ... wielding a +0 dagger
              (1 damage)
             ... on level 5 of the Dungeon.
             The game lasted 00:13:29 (6302 turns).

Arcadio the Ogre Mage (Ogre Fire Elementalist)      Turns: 6302, Time: 00:13:29

Health: 0/59       AC:  3    Str: 13    XL:     7   Next: 18%
Magic:  9/14       EV: 10    Int: 18    God:    Qazlal [......]
Gold:   253        SH:  0    Dex:  9    Spells: 3/16 levels left

rFire   . . .      SeeInvis .   r - +0 giant spiked club
rCold   . . .      Faith    .   (shield currently unavailable)
rNeg    . . .      Spirit   .   a - +0 robe
rPois   .          Reflect  .   (helmet restricted)
rElec   .          Harm     .   (no cloak)
rCorr   .          Rampage  .   (gloves unavailable)
Will    .....                   (boots unavailable)
Stlth   +.........              (no amulet)
HPRegen 0.19/turn               (no ring)
MPRegen 0.14/turn               (no ring)

@: about to teleport
A: large, unfitting armour, tough skin 1
a: Renounce Religion


You were on level 5 of the Dungeon.
You worshipped Qazlal.
Qazlal was noncommittal.
You visited 2 branches of the dungeon, and saw 6 of its levels.

You collected 253 gold pieces.

Inventory:

Hand Weapons
 d - a +0 dagger
 h - a +0 short sword
 r - a +0 giant spiked club (weapon)
Armour
 a - a +0 robe (worn)
Wands
 f - a wand of flame (7)
Scrolls
 e - a scroll of noise {unknown}
 g - a scroll of teleportation
 i - 2 scrolls of vulnerability {unknown}
 l - a scroll of amnesia {unknown}
 n - 3 scrolls of magic mapping {unknown}
 o - a scroll of enchant weapon {unknown}
 p - 2 scrolls of poison {unknown}
 q - a scroll of butterflies {unknown}
Potions
 b - 2 potions of magic
 c - 2 potions of cancellation
 j - 2 potions of curing {unknown}
 k - a potion of heal wounds {unknown}
 m - a potion of haste {unknown}


   Skills:
 + Level 0.0 Fighting
 + Level 4.2 Dodging
 - Level 1.4 Stealth
 + Level 5.2 Spellcasting
 - Level 0.8 Conjurations
 + Level 4.7 Fire Magic


You had 3 spell levels left.
You knew the following spells:

 Your Spells              Type           Power      Damage    Failure   Level
a - Foxfire               Conj/Fire      56%        2x1d6     4%          1
b - Scorch                Fire           42%        2d7       2%          2
c - Conjure Flame         Conj/Fire      14%        6-21      12%         3
d - Inner Flame           Hex/Fire       13%        N/A       16%         3
e - Flame Wave            Conj/Fire      14%        2d6       38%         4

Your spell library contained the following spells:

 Spells                   Type           Power      Damage    Failure   Level
 Beastly Appendage        Tmut           8%         N/A       13%         1
 Static Discharge         Conj/Air       6%         3-4/arc   17%         2
 Wereblood                Tmut           4%         N/A       21%         2
 Spider Form              Tmut/Pois      4%         N/A       36%         3
 Sticky Flame             Conj/Fire      14%        2d4       38%         4
 Dispel Undead            Necr           4%         3d7       78%         4


Dungeon Overview and Level Annotations

Branches:
Dungeon (5/15) Zot: 23916  Temple (1/1) D:4 Zot: 5751

Altars:
Ashenzari
Cheibriados
Dithmenos
Elyvilon
Hepliaklqana
Kikubaaqudgha
Makhleb
Okawaru
Qazlal
Ru
Sif Muna
Uskayaw
Vehumet
Wu Jian
Xom
Yredelemnul
Zin
The Shining One

Shops:
D:4 :


Innate Abilities, Weirdness & Mutations

You are too large for most types of armour.
You have tough skin. (AC +1)


Message History

The foxfire hits the orc.
You kill the orc!
Qazlal accepts your kill.
Casting: Foxfire (safe; 4% risk of failure)
Confirm with . or Enter, or press ? or * to list all spells.
You conjure some foxfire!
The orc wizard casts a spell at you.
You easily resist.
The foxfire hits the orc.
The orc is heavily wounded.
The foxfire hits the orc.
You kill the orc!
Qazlal accepts your kill. The orc wizard casts a spell at you.
You easily resist.
Casting: Foxfire (safe; 4% risk of failure)
Confirm with . or Enter, or press ? or * to list all spells.
You conjure some foxfire!
The orc priest calls down the wrath of Beogh upon you.
Beogh smites you!
The foxfire hits the orc.
The orc is heavily wounded.
The foxfire hits the orc but does no damage.
The orc is heavily wounded.
Casting: Foxfire (safe; 4% risk of failure)
Confirm with . or Enter, or press ? or * to list all spells.
Flames lash the orc wizard.
The orc wizard is heavily wounded.
The orc wizard's fire resistance burns away.
The orc closely misses you.
The orc priest calls down the wrath of Beogh upon you.
Beogh smites you!
* * * LOW HITPOINT WARNING * * *
Unknown command.
Okay, then.
As you read the scroll of teleportation, it crumbles to dust.
You feel strangely unstable. The orc hits you with a +0 whip.
* * * LOW HITPOINT WARNING * * *
The orc wizard hits you with a +0 dagger.
You die...

.... #######
.)..# #.....#
...... #.....#
...... #.....#
..o.# #..<..# .))
#.....#
#o###.....#
#o@.#.....#
##.......>#
#...#..[..#
####.#.)...###
#...........#
#.####.####.#####
# ##.....##.....#
#.......#.....#
.#.......#.....#


You could see an orc priest, an orc wizard (combustible) and an orc.

Vanquished Creatures
  An ice beast (D:4)
  An ogre (D:5)
  A jelly (D:5)
  A hound (D:4)
  3 iguanas
  2 orc wizards (D:4)
  A gnoll (D:1)
  4 adders
  5 worms
  3 dart slugs
  12 orcs
  4 bats
  An endoplasm (D:3)
  4 giant cockroaches
  2 hobgoblins (D:3)
  11 jackals
  2 quokkas
  3 ball pythons
  2 frilled lizards (D:3)
  7 goblins
  6 kobolds
  6 rats
  A toadstool (D:1)
83 creatures vanquished.

Vanquished Creatures (others)
  126 foxfires
  A plant (D:4)
  3 toadstools (D:1)
130 creatures vanquished.

Grand Total: 213 creatures vanquished

Notes
Turn   | Place    | Note
-------+----------+-------------------------------------------
     0 | D:1      | Arcadio the Ogre Fire Elementalist began the quest for the
                  | Orb.
     0 | D:1      | Reached XP level 1. HP: 16/16 MP: 3/3
   587 | D:1      | Reached XP level 2. HP: 12/24 MP: 0/5
   735 | D:1      | Learned a level 2 spell: Scorch
   765 | D:1      | Found a faded altar of an unknown god.
  1306 | D:2      | Reached skill level 3 in Spellcasting
  1306 | D:2      | Reached XP level 3. HP: 31/31 MP: 3/7
  2001 | D:2      | Reached XP level 4. HP: 39/39 MP: 6/8
  2023 | D:2      | Learned a level 3 spell: Conjure Flame
  2027 | D:2      | Learned a level 3 spell: Inner Flame
  3796 | D:4      | Found Jinwemno's Book Shoppe.
  3830 | D:4      | Reached XP level 5. HP: 37/45 MP: 0/10
  4621 | D:4      | Found a staircase to the Ecumenical Temple.
  4669 | D:4      | Reached skill level 4 in Spellcasting
  5030 | Temple   | Entered the Ecumenical Temple
  5244 | Temple   | Became a worshipper of Qazlal Stormbringer
  5327 | D:4      | Noticed an ice beast
  5334 | D:4      | Killed an ice beast
  5335 | D:4      | Reached XP level 6. HP: 53/53 MP: 2/12
  5852 | D:4      | Found a snail-covered altar of Cheibriados.
  6131 | D:5      | Entered Level 5 of the Dungeon
  6143 | D:5      | Learned a level 4 spell: Flame Wave
  6200 | D:5      | Found a shimmering altar of Xom.
  6212 | D:5      | Reached skill level 5 in Spellcasting
  6212 | D:5      | Reached XP level 7. HP: 59/59 MP: 6/14
  6301 | D:5      | HP: 2/59 [orc priest/divine providence (16)]
  6302 | D:5      | Slain by an orc wizard

Illustrated notes

Levels and vault maps discovered:
D:1:      ldierk_water_garden, layout_basic, hellmonk_ecumenical_altar_lost_god
D:2:      layout_loops_corners
D:3:      layout_basic, nrook_mini_vaults, minmay_bisected
D:4:      layout_basic, cheibrodos_worm_habitat,
          minmay_temple_entry_gardened_gates, serial_shops,
          nicolae_shop_hallway_stairs
D:5:      layout_rooms, old_standard_altar, st_stairs_4, grunt_ministairs_11
Temple:   eino_temple_scatter_basement

Skill      XL: |  1  2  3  4  5  6 |
---------------+-------------------+-----
Dodging        | 2 3 4 |  4.2
Fire Magic     | 3 4 |  4.7
Spellcasting   | 3 4 5 |  5.2
Stealth        | |  1.4
Conjurations   | |  0.8

Action                   |  1- 3 |  4- 6 |  7- 9 || total
-------------------------+-------+-------+-------++-------
Melee: Unarmed           |    18 |       |       ||    18
       Short sword       |    53 |    74 |       ||   127
       Punch             |       |     1 |       ||     1
 Cast: Foxfire           |    30 |    43 |     5 ||    78
       Scorch            |     2 |    47 |     1 ||    50
  Use: Scroll            |       |     4 |     1 ||     5
       Potion            |       |     1 |       ||     1
Armor: Robe              |    23 |    13 |       ||    36
Dodge: Dodged            |    40 |    34 |     1 ||    75
